 Dungeon Crawl Stone Soup version 0.26.1-11-gd32895ea62 (webtiles) character file.

Game seed: 4022414101160208348

98 Neonpingvin the Ruffian (level 4, -1/37 HPs)
             Began as a Ghoul Gladiator on May 12, 2021.
             Slain by a gnoll
             ... wielding a +0 flail
              (6 damage)
             ... on level 3 of the Dungeon.
             The game lasted 00:07:00 (1798 turns).

Neonpingvin the Ruffian (Ghoul Gladiator)           Turns: 1798, Time: 00:07:00

Health: -1/37      AC:  4    Str: 18    XL:     4   Next: 69%
Magic:  3/3        EV: 12    Int:  3    God:
Gold:   53         SH:  0    Dex: 10    Spells: 3/3 levels left

rFire    . . .     SeeInvis .     - Unarmed
rCold    + . .     Faith    .   (no shield)
rNeg     + + +     Spirit   .   a - +0 leather armour
rPois    ∞         Reflect  .   b - +0 helmet
rElec    .         Harm     .   (no cloak)
rCorr    .         Rampage  .   (no gloves)
Will     .....                  (no boots)
Stlth    +.........             e - amulet of inaccuracy (curse)
HPRegen  0.00/turn              h - ring of wizardry
MPRegen  0.08/turn              (no ring)

@: no status effects
A: claws 1, cold resistance 1, negative energy resistance 3, inhibited
regeneration, torment resistance, unbreathing
a: no special abilities


You were on level 3 of the Dungeon.
You visited 1 branch of the dungeon, and saw 3 of its levels.

You collected 53 gold pieces.

Inventory:

Hand Weapons
 d - a +1 dagger of holy wrath
Missiles
 c - 3 throwing nets (quivered)
 f - 5 datura-tipped darts
Armour
 a - a +0 leather armour (worn)
 b - a +0 helmet (worn)
Jewellery
 e - a cursed amulet of inaccuracy (around neck)
 h - a ring of wizardry (left claw)
Scrolls
 i - 2 scrolls of identify
Potions
 g - a potion of might {unknown}
 k - a potion of cancellation {unknown}


   Skills:
 + Level 2.6 Fighting
 + Level 1.9 Throwing
 + Level 1.4 Armour
 + Level 3.5 Dodging
 + Level 0.4 Stealth
 + Level 4.2 Unarmed Combat


You had 3 spell levels left.
You didn't know any spells.
Your spell library was empty.

Dungeon Overview and Level Annotations

Branches:
Dungeon (3/15)

Altars:


Innate Abilities, Weirdness & Mutations

You thrive by killing the living.
You are immune to poison.
You have sharp fingernails.
Your flesh is cold resistant. (rC+)
You are immune to negative energy. (rN+++)
You do not regenerate when monsters are visible.
You are immune to unholy pain and torment.
You can survive without breathing.


Message History

You claw the gnoll!
The gnoll is severely wounded.
The gnoll closely misses you. x2; The gnoll hits you with a +0 flail!
* * * LOW HITPOINT WARNING * * *
You barely miss the gnoll.
The gnoll is severely wounded.
The gnoll hits you.
* * * LOW HITPOINT WARNING * * *
The gnoll barely misses you. The gnoll hits you but does no damage.
The gnoll hits you but does no damage.
You open the door.
A goblin and a dart slug come into view.
The goblin is wielding a +0 dagger of venom.
The goblin shouts!
You miss the gnoll. The gnoll barely misses you.
You scratch the gnoll.
The gnoll is heavily wounded.
The gnoll hits you with a +0 flail.
You die...

.# #+ .# ... ... ....
### #.# ..... ##.###.#
......####...##.######
...g..'@ggg...........
......####...<.....#
....w ##........# ....
##...†...# ...
#.......# #+ #.......#
#.......# ###.#####
#.#


You could see 3 gnolls, a dart slug and a goblin.

Vanquished Creatures
  3 adders (D:2)
  An ooze (D:2)
  A worm (D:2)
  A dart slug (D:2)
  5 leopard geckos
  3 giant cockroaches
  8 goblins
  9 hobgoblins
  7 jackals (D:1)
  5 bats
  3 frilled lizards
  2 kobolds
  7 rats
55 creatures vanquished.

Notes
Turn   | Place    | Note
-------+----------+-------------------------------------------
     0 | D:1      | Neonpingvin the Ghoul Gladiator began the quest for the
                  | Orb.
     0 | D:1      | Reached XP level 1. HP: 17/17 MP: 0/0
    57 | D:1      | Reached XP level 2. HP: 22/25 MP: 1/1
   457 | D:1      | Reached XP level 3. HP: 23/30 MP: 2/2
  1056 | D:2      | Reached skill level 4 in Unarmed Combat
  1066 | D:2      | Reached XP level 4. HP: 27/37 MP: 3/3
  1398 | D:2      | Reached skill level 1 in Armour
  1798 | D:3      | Slain by a gnoll

Illustrated notes

Levels and vault maps discovered:
D:1:      ncdulo_watergridlock, layout_loops_ring, st_stairs_14,
          chequers_serial_rivers_micro_d
D:2:      minmay_angry_zag, layout_basic
D:3:      layout_loops_corners, kennysheep_nondescript, nicolae_ru_path_of_blood

Skill      XL: |  1  2  3  4 |
---------------+-------------+-----
Dodging        | 3 |  3.5
Unarmed Combat | 4 |  4.2
Armour         | 1 |  1.4
Fighting       | |  2.6
Throwing       | |  1.9
Stealth        | |  0.4

Action                   |  1- 3 |  4- 6 || total
-------------------------+-------+-------++-------
Melee: Unarmed           |   135 |    69 ||   204
       Punch             |       |     2 ||     2
  Use: Scroll            |     5 |       ||     5
       Potion            |     1 |       ||     1
 Stab: Sleeping          |     1 |       ||     1
Armor: Leather armour    |    61 |    15 ||    76
Dodge: Dodged            |   144 |    23 ||   167
